 Dungeon Crawl Stone Soup version 0.31-a0-986-g5e6e4ef867 (webtiles) character file.

Game seed: 11647957155194451905

16395 croobank the Covert (level 11, -17/92 HPs)
             Began as a Demigod Delver on Nov 14, 2023.
             Killed from afar by Azrael (45 damage)
             ... with damnation
             ... on level 11 of the Dungeon.
             The game lasted 00:59:01 (15561 turns).

croobank the Covert (Demigod Delver)               Turns: 15561, Time: 00:59:01

Health: -17/92     AC:  9    Str: 11    XL:     11   Next: 80%
Magic:  29/29      EV: 17    Int: 20    God:
Gold:   675        SH:  9    Dex: 25    Spells: 11/18 levels left

rFire   . . .        h - +10 rapier of Righteous Fury {pain, rC+ Str-2 Dex+3}
rCold   + . .        y - +2 buckler
rNeg    . . .        X - +0 toga "Victory" {*Victory Clar}
rPois   .            B - +2 helmet of the Eagle {MP+9 Dex+3}
rElec   .            i - +1 cloak
rCorr   .            J - +1 pair of gloves
SInv    .            (no boots)
Will    +....        (no amulet)
Stlth   +++++        n - ring of wizardry
HPRegen 0.35/turn    (no ring)
MPRegen 0.21/turn

%: clarity, wizardry (x1)
@: mighty
A: high MP 1, forlorn, divine attributes
a: no special abilities


You were on level 11 of the Dungeon.
You visited 1 branch of the dungeon, and saw 12 of its levels.

You collected 789 gold pieces.
You spent 114 gold pieces at shops.

Inventory:

Hand Weapons
 a - a +2 scimitar of distortion
 e - the +9 staff of Olgreb {rPois∞}
   (You found it on level 8 of the Dungeon)

   Radiate:   It can be activated via the 'a'bility menu to radiate toxic
   energy, with effectiveness depending on Evocations skill.
   Pois:      It enhances your poison magic.
   rPois∞: It grants immunity to poison.
 h - the +10 rapier of Righteous Fury (weapon) {pain, rC+ Str-2 Dex+3}
   (You acquired it on level 5 of the Dungeon)

   Str-2:     It affects your strength (-2).
   Dex+3:     It affects your dexterity (+3).
   rC+:       It protects you from cold.
 m - a +2 mace of holy wrath
 w - a +8 dagger of venom
 A - a +4 falchion of freezing
 M - a +6 long sword of holy wrath
 N - a +4 long sword
 O - a +3 war axe
 T - a +3 dagger
Missiles
 s - 21 poisoned darts (quivered)
 I - a throwing net
 W - 2 curare-tipped darts
Armour
 i - a +1 cloak (worn)
 y - a +2 buckler (worn)
 z - a +0 robe of willpower
 B - the +2 helmet of the Eagle (worn) {MP+9 Dex+3}
   (You found it on level 6 of the Dungeon)

   Dex+3:     It affects your dexterity (+3).
   MP+9:      It affects your magic capacity (+9).
 E - a +2 robe
 G - the +0 chain mail "Dayciuf" {rC+ Will+ Stlth-}
   (You found it on level 6 of the Dungeon)

   rC+:       It protects you from cold.
   Will+:     It increases your willpower.
   Stlth-:    It makes you less stealthy.
 J - a +1 pair of gloves (worn)
 P - the +1 plate armour of the Pastamancer {+Inv rCorr}
   (You found it on level 8 of the Dungeon)

   +Inv:      It lets you turn invisible.
   rCorr:     It protects you from acid and corrosion.
 X - the +0 toga "Victory" (worn) {*Victory Clar}
   (You found it on level 8 of the Dungeon)

   *Victory:  When the wearer kills a threatening monster, it has a chance to
   gain +1 AC, +1 Slay, and +1 Int, capping at +7.
   When the wearer uses a scroll or a potion with a hostile monster in sight,
   its bonuses reset to +0.
   Unequipping it also resets its bonuses to +0.
   Clar:      It protects you from confusion, rage, mesmerisation and fear.
Magical Staves
 Q - a staff of conjuration
 S - the staff of Oxteme {rN+ Int+2 SInv Stlth- Necro}
   (You found it on level 8 of the Dungeon)

   [staff of death]

   Base accuracy: +5 Base damage: 5 Base attack delay: 1.2 This weapon's minimum
   attack delay (0.6) is reached at skill level 12.
   Int+2:     It affects your intelligence (+2).
   rN+:       It protects you from negative energy.
   SInv:      It lets you see invisible.
   Stlth-:    It makes you less stealthy.
   Necro:     It increases the power of your Necromancy spells.
   It falls into the 'Staves' category.
   It is a one-handed weapon.
Jewellery
 l - a ring of ice
 n - a ring of wizardry (left hand)
 p - a ring of see invisible
 x - a ring of wizardry
 C - an amulet of the acrobat
Talismans
 f - a beast talisman
Wands
 g - a wand of digging (4)
 D - a wand of flame (32)
 H - a wand of paralysis (1)
 K - a wand of mindburst (5)
 L - a wand of iceblast (12)
Scrolls
 c - a scroll of poison
 j - 2 scrolls of teleportation
 r - 3 scrolls of vulnerability
 t - 3 scrolls of revelation
 V - 3 scrolls of fog
 Y - a scroll of identify
Potions
 b - 2 potions of mutation
 d - 2 potions of enlightenment
 o - a potion of might
 q - a potion of attraction
 u - 2 potions of brilliance
 v - a potion of curing
 U - a potion of berserk rage
Miscellaneous
 F - a lightning rod (2/4)
 R - a sack of spiders


   Skills:
 + Level 7.4 Fighting
 + Level 7.1 Short Blades
 + Level 5.2 Throwing
 + Level 7.0 Dodging
 + Level 8.8 Stealth
 - Level 5.0 Shields
 + Level 4.1 Spellcasting
 * Level 2.0 Conjurations
 - Level 6.0 Necromancy
 - Level 2.9 Transmutations
 * Level 2.0 Air Magic
 - Level 3.2 Shapeshifting


You had 11 spell levels left.
You knew the following spells:

 Your Spells              Type           Power      Damage    Failure   Level
a - Wereblood             Tmut           15%        N/A       3%          2
b - Arcjolt               Conj/Air       6%         1d16      61%         5

Your spell library contained the following spells:

 Spells                   Type           Power      Damage    Failure   Level
 Sublimation of Blood     Necr           28%        N/A       1%          2
 Cigotuvi's Dreadful Rot  Necr/Pois/Air  28%        N/A       3%          2
 Ignite Poison            Fire/Tmut/Pois 7%         N/A       14%         3
 Anguish                  Hex/Necr       8%         N/A       21%         4
 Vhi's Electric Charge    Tloc/Air       16%        N/A       41%         4
 Cause Fear               Hex            2%         N/A       52%         4
 Manifold Assault         Tloc           4%         N/A       52%         4
 Freezing Cloud           Conj/Ice/Air   4%         6-21      69%         5
 Dispersal                Tloc           2%         N/A       100%        6
 Enfeeble                 Hex            2%         N/A       100%        7
 Summon Hydra             Summ           2%         N/A       100%        7
 Disjunction              Tloc           2%         N/A       100%        8
 Maxwell's Capacitive Co  Air            6%         ∞         100%        8


Dungeon Overview and Level Annotations

Branches:
Dungeon (12/15)            Temple (0/1) D:5            Lair (0/5) D:10
    Orc (0/2) D:9

Shops:
D:5 [   D:11 [

Annotations:
D:11 2 transporters, Azrael; lessens's ghost, journeyman GnMo
D:12 Josephine


Innate Abilities, Weirdness & Mutations

You have an increased reservoir of magic. (+10% MP)
You shall have no god before yourself.
Your divine heritage dramatically boosts your attributes as you level up.


Message History

Azrael is heavily wounded.
You block Azrael's attack.
You puncture Azrael!
Azrael is heavily wounded.
Azrael gestures at you.
The sticky flame hits you but does no damage.
You are covered in liquid flames!
You barely miss Azrael.
Azrael is heavily wounded.
You are covered in liquid flames!
You puncture Azrael!
Azrael is severely wounded.
You are covered in liquid flames!
* * * LOW HITPOINT WARNING * * *
You are no longer on fire.
Azrael hits you with a +0 scimitar of flaming!
* * * LOW HITPOINT WARNING * * *
Azrael burns you.
* * * LOW HITPOINT WARNING * * *
You puncture Azrael!
Azrael is almost dead.
Azrael misses you.
Okay, then.
Okay, then.
Okay, then.
Blink to where?
Press: ? - help, Dir - move target, p - Azrael
As you read the scroll of blinking, it crumbles to dust.
The +0 toga "Victory" stops glowing.
Okay, then.
You feel very mighty all of a sudden.
You feel better.
You feel better.
Aiming: Mindburst
Press: ? - help, Shift-Dir - straight line, f - Azrael
Aim: Azrael, wielding a +0 scimitar of flaming (severely wounded, chance to affect: 47%) Azrael resists with some effort.
Azrael gestures at you.
The sphere of damnation explodes!
The damnation engulfs you!!!
You die...

#......'.......##
#......#######.##
####......### #...
########R..........#####..#
#...§☼R○.§≈.#.#.≈≈.......##
####.###.§..#○#..§.......#.
#.......##R##.........#.
##....###...###...###.##
#.##..@........#......#
#.##.###...###.#.##..©#
#.##...##.##.§........#
#.##.≈..#.#.§≈§#.###.##
#....≈≈.#.#.≈≈.#.# #.#
#####'.#.....(.....#.# #.#5
#......###)#.#######.# #.##
#......# #.#.#######.###..#
#......###.#..............#


You could see Azrael.

Vanquished Creatures
  2 two-headed ogres (D:11)
  A boulder beetle (D:11)
  A sea snake (shapeshifter) (D:8)
  3 cyclopes
  2 manticores (D:8)
  2 gargoyles
  Psyche (D:10)
  A kobold demonologist (D:10)
  An unseen horror (D:10)
  A komodo dragon (D:10)
  3 red devils (D:11)
  2 trolls (D:11)
  Sigmund (D:6)
  A shadow (D:10)
  2 wyverns
  3 yaks (D:8)
  A wraith (D:11)
  6 fire elementals (D:11)
  Grum (D:9)
  A steam dragon (D:8)
  A basilisk (D:8)
  4 redbacks (D:8)
  A hell hound (D:11)
  6 water moccasins
  7 orc warriors
  An acid dragon (D:11)
  A black bear (D:4)
  2 ice beasts
  3 sky beasts
  2 wolves
  8 centaurs
  2 phantoms
  4 kobold brigands
  5 bullfrogs
  A gnoll sergeant (D:6)
  5 scorpions
  15 wights
  15 killer bees
  An electric eel (D:7)
  6 howler monkeys
  A jelly (D:8)
  3 orc priests
  A gnoll bouda (D:9)
  6 iguanas
  10 orc wizards
  9 adders
  14 gnolls
  2 shadow imps (D:8)
  2 white imps (D:8)
  10 ufetubi
  A dart slug (D:1)
  28 orcs
  5 ball pythons
  5 endoplasms
  2 giant cockroaches
  5 goblins
  5 hobgoblins
  3 jackals (D:2)
  12 kobolds
  4 quokkas
  9 bats
  4 frilled lizards
  4 rats
271 creatures vanquished.

Vanquished Creatures (others)
  An orc wizard (D:8)
1 creature vanquished.

Grand Total: 272 creatures vanquished

Notes
Turn   | Place    | Note
-------+----------+-------------------------------------------
     0 | D:5      | croobank the Demigod Delver began the quest for the Orb.
     0 | D:5      | Reached XP level 1. HP: 18/18 MP: 3/3
    62 | D:5      | Noticed an orc priest
    83 | D:5      | Noticed an iguana
    84 | D:5      | Found a staircase to the Ecumenical Temple.
   235 | D:4      | Noticed a howler monkey
   253 | D:4      | Killed a howler monkey
   254 | D:4      | Reached XP level 2. HP: 25/26 MP: 4/4
   254 | D:4      | Reached XP level 3. HP: 30/31 MP: 5/5
  1533 | D:2      | Reached skill level 5 in Stealth
  1597 | D:2      | Reached XP level 4. HP: 34/38 MP: 6/6
  2922 | D:3      | Reached XP level 5. HP: 6/45 MP: 7/7
  3670 | D:4      | Noticed a black bear
  3683 | D:4      | Killed a black bear
  3684 | D:4      | Reached skill level 1 in Shapeshifting
  3790 | D:4      | Reached XP level 6. HP: 44/52 MP: 8/8
  4689 | D:5      | Learned a level 2 spell: Wereblood
  5060 | D:5      | Reached skill level 1 in Shields
  5380 | D:5      | Reached skill level 1 in Spellcasting
  5380 | D:5      | Reached skill level 1 in Transmutations
  5380 | D:5      | Reached XP level 7. HP: 25/59 MP: 9/11
  5632 | D:5      | Found Wulux's Antique Armour Emporium.
  5640 | D:5      | Bought a glowing robe for 114 gold pieces
  5656 | D:5      | Identified a scroll of acquirement
  5900 | D:6      | Identified the +2 helmet of the Eagle {MP+9 Dex+3}
  6070 | D:6      | Identified the +0 chain mail "Dayciuf" {rC+ Will+ Stlth-}
  6374 | D:6      | Noticed Sigmund
  6395 | D:6      | Killed Sigmund
  6396 | D:6      | Reached skill level 6 in Stealth
  6396 | D:6      | Reached XP level 8. HP: 38/67 MP: 14/14
  7464 | D:7      | Reached skill level 5 in Fighting
  7761 | D:7      | Reached XP level 9. HP: 38/73 MP: 18/18
  8203 | D:7      | Acquired the +10 rapier of Righteous Fury {pain, rC+ Str-2
                  | Dex+3}
  8263 | D:8      | Found a runed translucent door.
  8266 | D:8      | Found a runed translucent gate.
  8589 | D:8      | Found a runed translucent door.
  8618 | D:8      | Reached skill level 1 in Throwing
  8624 | D:8      | Reached skill level 1 in Necromancy
  8891 | D:8      | Reached skill level 5 in Short Blades
  8891 | D:8      | Reached skill level 5 in Dodging
  8913 | D:8      | Reached skill level 7 in Stealth
  9132 | D:8      | Noticed a manticore
  9133 | D:8      | Noticed a manticore
  9140 | D:8      | Killed a manticore
  9163 | D:8      | Killed a manticore
  9164 | D:8      | Reached XP level 10. HP: 41/83 MP: 19/19
  9527 | D:8      | Noticed a cyclops
  9538 | D:8      | Killed a cyclops
  9553 | D:8      | Noticed a two-headed ogre
  9557 | D:8      | a two-headed ogre changed into a sea snake
  9557 | D:8      | Noticed a sea snake (shapeshifter)
  9563 | D:8      | Killed a sea snake
  9582 | D:8      | Identified the +1 plate armour of the Pastamancer {+Inv
                  | rCorr}
  9594 | D:8      | Identified the staff of Oxteme {rN+ Int+2 SInv Stlth-
                  | Necro}
  9795 | D:8      | Found the +9 staff of Olgreb {rPois∞}
  9808 | D:8      | Found a runed translucent gate.
  9808 | D:8      | Found a runed translucent gate.
  9809 | D:8      | Found a runed translucent door.
 10051 | D:8      | Found the +0 toga "Victory" {*Victory Clar}
 10860 | D:7      | Reached skill level 5 in Necromancy
 11916 | D:9      | Found a staircase to the Orcish Mines.
 12277 | D:9      | Noticed Grum
 12975 | D:9      | Killed Grum
 12976 | D:9      | Reached XP level 11. HP: 88/91 MP: 20/20
 13426 | D:10     | Entered Level 10 of the Dungeon
 13427 | D:10     | Found a staircase to the Lair.
 13440 | D:10     | Reached skill level 8 in Stealth
 13440 | D:10     | Reached skill level 5 in Shields
 13783 | D:10     | Noticed Psyche
 13795 | D:10     | Killed Psyche
 14236 | D:11     | Noticed a two-headed ogre
 14274 | D:11     | Found Garellugh's Armour Shoppe.
 14287 | D:11     | Found a transporter.
 14324 | D:11     | Found a transporter.
 14328 | D:11     | Noticed lessens's ghost (journeyman GnMo)
 14346 | D:11     | Noticed a boulder beetle
 14352 | D:11     | Killed a boulder beetle
 14377 | D:11     | Noticed a two-headed ogre
 14383 | D:11     | Killed a two-headed ogre
 14486 | D:11     | Identified the +5 chain mail of Moral Flaws {Regen+ Dex+2}
 14559 | D:11     | Learned a level 5 spell: Arcjolt
 14616 | D:11     | Reached skill level 5 in Throwing
 14762 | D:11     | Reached skill level 1 in Conjurations
 14762 | D:11     | Reached skill level 1 in Air Magic
 14879 | D:11     | Killed a two-headed ogre
 15129 | D:12     | Noticed Azrael
 15240 | D:12     | Noticed Josephine
 15561 | D:11     | Killed from afar by Azrael

Illustrated notes

Levels and vault maps discovered:
D:1:      lightli_molten_gateway, layout_basic, nrook_mini_backslash
D:2:      layout_basic
D:3:      layout_basic, serial_glass, glass_columns_c, glass_columns_b,
          glass_columns_a, glass_columns_b
D:4:      layout_basic
D:5:      layout_cave_pools, minmay_temple_entry_ruins, serial_shops, shop,
          grunt_ministairs_13
D:6:      layout_basic, nicolae_qazlal_general_emergency, minivault_26,
          uniq_sigmund
D:7:      layout_basic, yredelemnul_altar_generic, fountainhead
D:8:      minmay_the_grid_octo_tiled_octocenter [minmay_the_grid_octo_chip,
          minmay_the_grid_octo_tetromino_candy,
          minmay_the_grid_octo_fat_diamond, minmay_the_grid_octo_teeth,
          minmay_the_grid_octo_prize_square_snowflake,
          minmay_the_grid_square_5x5_sharp_hourglass,
          minmay_the_grid_square_5x5_one_wall, minmay_the_grid_square_5x5_meh,
          minmay_the_grid_square_5x5_forky], layout_basic, fedhas_altar_1,
          nicolae_overflow_guarded_unrand_okawaru_victory,
          minmay_guarded_unrand_staff_of_olgreb
D:9:      layout_gridville, orc_david_3, minmay_misc_feat_iff, uniq_grum
D:10:     layout_small_grid, mainiacjoe_overflow_chevrons, elyvilon_altar_3,
          nicolae_overflow_crystal_walls, nicolae_ashenzari_skybound,
          uniq_psyche
D:11:     layout_basic, gammafunk_ghost_stat_death, serial_shops,
          nicolae_shop_temple_entry_statues_fountains,
          einodemon_armed_red_devil_minivault
D:12:     layout_big_octagon, nicolae_shop_firing_range, uniq_josephine,
          uniq_azrael

Skill      XL: |  1  2  3  4  5  6  7  8  9 10 11 |
---------------+----------------------------------+-----
Fighting       | 3 4 5 6 7 |  7.4
Short Blades   | 2 3 4 5 6 7 |  7.1
Dodging        | 2 3 4 5 6 7 |  7.0
Stealth        | 5 6 7 8 |  8.8
Shapeshifting  | 1 2 3 |  3.2
Shields        | 1 2 4 5 |  5.0
Spellcasting   | 1 2 3 4 |  4.1
Transmutations | 1 2 |  2.9
Throwing       | 2 4 5 |  5.2
Necromancy     | 3 5 6 |  6.0
Conjurations   | 2 |  2.0
Air Magic      | 2 |  2.0

Action                     |  1- 3 |  4- 6 |  7- 9 | 10-12 || total
---------------------------+-------+-------+-------+-------++-------
  Melee: Short sword       |    53 |       |       |       ||    53
         Dagger            |    82 |   222 |   166 |       ||   470
         Punch             |     1 |     2 |     1 |       ||     4
         Rapier            |       |       |   102 |   309 ||   411
         Staff             |       |       |       |    22 ||    22
  Throw: Dart              |       |    37 |    25 |    45 ||   107
         Throwing net      |       |       |     1 |     1 ||     2
   Cast: Wereblood         |       |       |     2 |    10 ||    12
  Evoke: Wand              |       |       |    10 |     7 ||    17
         Lightning rod     |       |       |       |    10 ||    10
         Sack of spiders   |       |       |       |     2 ||     2
    Use: Scroll            |     6 |     1 |    16 |    11 ||    34
         Potion            |     1 |     2 |     6 |     7 ||    16
   Stab: Sleeping          |     6 |     5 |     5 |     5 ||    21
         Distracted        |       |       |     3 |     1 ||     4
         Invisible         |       |       |     4 |       ||     4
         Paralysed         |       |       |       |     1 ||     1
 Armour: Leather armour    |    73 |   157 |       |       ||   230
         Robe              |       |       |   165 |   189 ||   354
  Dodge: Dodged            |    91 |   122 |   155 |   248 ||   616
  Block: Buckler           |       |       |    47 |   142 ||   189
   Form: Beast             |     1 |       |       |       ||     1
                           |       |       |     1 |       ||     1

Table legend: (Time is in decaauts)
 A = Elapsed time spent in this place.
 B = Non-inter-level travel time spent in this place.
 C = Inter-level travel time spent in this place.
 D = Time resting spent in this place.
 E = Time spent auto-exploring this place.
 F = Levels seen in this place.
 G = Mean time per level.
                   A        B        C        D        E       F      G
               +--------+--------+--------+--------+--------+-----+--------+
         Total |  15455 |  15115 |    340 |   5353 |   6287 |  12 | 1287.9 |
       Dungeon |  15455 |  15115 |    340 |   5353 |   6287 |  12 | 1287.9 |
               +--------+--------+--------+--------+--------+-----+--------+

Top non-repeatable levels by time:
     D:8: 3528 daAuts
     D:7: 2300 daAuts
     D:5: 1778 daAuts
     D:4: 1422 daAuts
    D:11: 1210 daAuts
     D:3: 1161 daAuts
     D:2: 868 daAuts
    D:10: 856 daAuts
     D:6: 839 daAuts
     D:1: 738 daAuts
     D:9: 687 daAuts
    D:12: 63 daAuts
